 Dungeon Crawl Stone Soup version 0.21.0-3-g78d12a8 (webtiles) character file.

2410 komo4ek the Summoner (level 9, -5/51 HPs)
             Began as a Human Summoner on Jan 14, 2018.
             Was an Initiate of Hepliaklqana.
             Slain by a yak (12 damage)
             ... on level 8 of the Dungeon.
             The game lasted 00:27:55 (8058 turns).

komo4ek the Summoner (Human Summoner)               Turns: 8058, Time: 00:27:56

Health: -5/51      AC:  9    Str:  9    XL:     9   Next: 75%
Magic:  16/18      EV: 12    Int: 18    God:    Hepliaklqana [......]
Gold:   546        SH:  0    Dex: 14    Spells: 16/20 levels left

rFire    + . .     SeeInvis .   I - +9 falchion of Bodily Humours {pain, +Fly rF+}
rCold    . . .     Gourm    .   (no shield)
rNeg     + . .     Faith    .   x - +0 troll leather armour {Purgy}
rPois    .         Spirit   .   (helmet restricted)
rElec    .         Reflect  .   F - +2 cloak
rCorr    .         Harm     .   p - +0 pair of gloves
MR       .....                  o - +0 pair of boots
Stlth    ++........             (no amulet)
HPRegen  0.57/turn              D - ring of positive energy
MPRegen  0.16/turn              (no ring)

@: sleeping
A: reduced essence, horns 1, blurry vision 1, subdued magic 1
a: Recall Ancestor, Ancestor Identity, Renounce Religion, Evoke Flight


You were on level 8 of the Dungeon.
You worshipped Hepliaklqana.
Hepliaklqana was noncommittal.
You were not hungry.

You visited 2 branches of the dungeon, and saw 9 of its levels.
You also visited: Sewer.

You collected 546 gold pieces.

Inventory:

Hand Weapons
 h - a +2 dagger of draining
 I - the +9 falchion of Bodily Humours (weapon) {pain, +Fly rF+}
   (You found it on level 7 of the Dungeon)

   In the hands of one skilled in necromantic magic, it inflicts extra damage on
   living creatures.
   It protects you from fire.
   It lets you fly.
Missiles
 B - 19 bolts
Armour
 o - a +0 pair of boots (worn)
 p - a +0 pair of gloves (worn)
 x - a +0 troll leather armour (worn) {Purgy}
 E - a cursed +0 helmet
 F - a +2 cloak (worn)
Jewellery
 D - a ring of positive energy (left hand)
Wands
 r - a wand of clouds (2)
 v - a wand of polymorph (1)
Scrolls
 d - a scroll of enchant armour {unknown}
 f - a scroll of noise {unknown}
 g - a scroll of immolation {unknown}
 j - 9 scrolls of identify {unknown}
 k - 2 scrolls of amnesia {unknown}
 l - 7 scrolls of remove curse {unknown}
 q - 6 scrolls of teleportation {unknown}
 s - 4 scrolls of enchant weapon {unknown}
 t - a scroll of random uselessness {unknown}
 w - a scroll of fog {unknown}
 C - a scroll of fear {unknown}
 G - a scroll of acquirement {unknown}
Potions
 e - a potion of cancellation {unknown}
 i - 3 potions of brilliance {unknown}
 m - 2 potions of flight {unknown}
 n - a potion of resistance {unknown}
 u - 3 potions of lignification {unknown}
 z - 3 potions of curing {unknown}
 A - 2 potions of heal wounds {unknown}
Books
 b - a book of Callings

   Spells                             Type                      Level
   a - Summon Small Mammal            Summoning                    1
   b - Call Imp                       Summoning                    2
   c - Call Canine Familiar           Summoning                    3
   d - Summon Guardian Golem          Hexes/Summoning              3
   e - Summon Lightning Spire         Summoning/Air                4
   f - Summon Ice Beast               Ice/Summoning                4
 H - a book of Minor Magic

   Spells                             Type                      Level
   a - Magic Dart                     Conjuration                  1
   b - Blink                          Translocation                2
   c - Call Imp                       Summoning                    2
   d - Slow                           Hexes                        2
   e - Conjure Flame                  Conjuration/Fire             3
   f - Mephitic Cloud                 Conjuration/Poison/Air       3
Comestibles
 c - 4 rations


   Skills:
 - Level 2.0 Dodging
 - Level 2.0 Stealth
 + Level 6.3 Spellcasting
 + Level 11.2 Summonings


You had 16 spell levels left.
You knew the following spells:

 Your Spells              Type           Power        Failure   Level  Hunger
a - Summon Small Mammal   Summ           ####         1%          1    None
b - Call Canine Familiar  Summ           #####...     1%          3    ##.....


Dungeon Overview and Level Annotations

Branches:
Dungeon (8/15)             Temple (1/1) D:5
   Lair: D:8-11

Altars:
Ashenzari
Cheibriados
Dithmenos
Fedhas
Gozag
Hepliaklqana
Kikubaaqudgha
Makhleb
Nemelex Xobeh
Okawaru
Qazlal
Sif Muna
Trog
Uskayaw
Vehumet
Wu Jian
Xom
Yredelemnul
Zin


Innate Abilities, Weirdness & Mutations

Your life essence is reduced to manifest your ancestor. (-10% HP)
You have a pair of small horns on your head.
Scrolls take you a little longer to read.
Your spells are a little easier to cast, but a little less powerful.


Message History

The yak gores your wolf!
The dream sheep shake their wool and sparkle.
You feel drowsy...
You fall asleep.
The yak misses your wolf.
Your wolf bites the yak.
The yak gores your wolf!
Your wolf dies!
Your wolf's corpse disappears in a puff of smoke!
The yak gores you!!!
You wake up.
Ouch! That really hurt!
* * * LOW HITPOINT WARNING * * *
You open the door. The yak gores you but does no damage.
Okay, then.
It was a potion of mutation.
You feel extremely strange.
Your connection to magic feels subdued.
Your vision blurs.
A pair of horns grows on your head!
Your cursed +0 helmet falls away!
The dream sheep shake their wool and sparkle.
You feel drowsy...
You fall asleep.
The yak gores you!
You die...

+.P≈PP #≈≈)≈P ##P≈P.≈
.#.%..Y### .'.%YR≈Y.#
.'Y.P..#.# .'..K%≈#.########
.#.....#..YKYYY.#
#######..#####@######
###....#'#....######
#....#_#.........######
#....###.......#.......
#########..........##...######
#....................##...####
#........##...†....#.####..^..
#..............###.#.#########
#........#####..##..(....#....


You could see 2 yaks, a big kobold and 2 dream sheep.

Vanquished Creatures
  Edmund (D:4)
  Purgy (Sewer)
  An ice beast (D:8)
  2 bullfrogs
  Dowan (D:7)
  A water moccasin skeleton (D:8)
  A scorpion (D:7)
  A howler monkey (D:8)
  2 crimson imps
  A hound (D:6)
  2 bullfrog zombies
  An orc priest (D:7)
  An iguana (D:5)
  An orc wizard (D:8)
  5 worker ants
  3 hound skeletons
  A worker ant zombie (D:2)
  A howler monkey zombie (D:7)
  An adder (D:8)
  A shadow imp (D:5)
  2 adder skeletons
  A worm (D:3)
  3 dart slugs
  2 leopard geckos
  4 orcs
  2 bat skeletons (D:2)
  A bat zombie (D:2)
  2 giant cockroaches
  4 goblins
  2 hobgoblins (D:2)
  3 jackals
  5 quokkas
  A ball python skeleton (D:2)
  6 bats
  3 frilled lizards (D:2)
  5 kobolds
  4 rats
79 creatures vanquished.

Vanquished Creatures (collateral kills)
  2 hippogriffs
  Duvessa (D:7)
  A water moccasin (D:7)
  A sky beast (D:4)
  2 orc warriors (D:8)
  2 phantoms
  A necrophage (D:8)
  2 centaurs (D:8)
  2 ogres
  A big kobold (D:8)
  2 bullfrogs
  3 scorpions
  2 crimson imps
  2 hounds
  A quasit (D:6)
  A jelly (D:7)
  2 orc priests
  A bullfrog zombie (D:8)
  4 orc wizards
  3 worker ants
  The ghost of p0werm0de the Grave Robber, a weakling VSNe (D:3)
  7 adders
  A river rat (D:4)
  An ooze (D:3)
  2 adder zombies
  A worm (D:4)
  2 dart slugs
  3 leopard geckos
  13 orcs
  A bat (D:1)
  3 giant cockroaches
  4 goblins
  A hobgoblin (D:2)
  4 jackals
  A quokka (D:4)
  A ball python (D:3)
  3 frilled lizards
  5 kobolds
  A rat (D:1)
91 creatures vanquished.

Vanquished Creatures (others)
  2 ancestors (D:8)
  A dart slug (D:2)
3 creatures vanquished.

Grand Total: 173 creatures vanquished

Notes
Turn   | Place    | Note
-------+----------+-------------------------------------------
     0 | D:1      | komo4ek the Human Summoner began the quest for the Orb.
     0 | D:1      | Reached XP level 1. HP: 13/13 MP: 3/3
   289 | D:1      | Reached XP level 2. HP: 14/19 MP: 1/5
  1008 | D:1      | Reached XP level 3. HP: 19/24 MP: 6/6
  1199 | D:2      | Reached skill level 5 in Summonings
  1278 | D:2      | Found an iron altar of Okawaru.
  1646 | D:2      | Learned a level 3 spell: Call Canine Familiar
  1887 | D:2      | Reached XP level 4. HP: 22/30 MP: 3/7
  2351 | D:3      | Found a stormy altar of Qazlal.
  2577 | D:3      | Found an ornate altar of the Wu Jian Council.
  2962 | D:3      | Reached skill level 6 in Summonings
  2962 | D:3      | Reached XP level 5. HP: 28/35 MP: 5/8
  2964 | D:3      | Noticed p0werm0de's ghost (weakling VSNe)
  2986 | D:3      | Killed p0werm0de's ghost
  3259 | D:4      | Noticed Edmund
  3271 | D:4      | Noticed an ogre
  3291 | D:4      | Killed Edmund
  3291 | D:4      | Reached skill level 7 in Summonings
  3291 | D:4      | Reached XP level 6. HP: 10/41 MP: 6/9
  3310 | D:4      | Killed an ogre
  3853 | D:4      | Found a glowing drain.
  3857 | Sewer    | Entered a sewer
  3863 | Sewer    | Noticed Purgy
  3882 | Sewer    | Killed Purgy
  3882 | Sewer    | Reached skill level 8 in Summonings
  3882 | Sewer    | Reached XP level 7. HP: 38/46 MP: 8/10
  4059 | D:4      | Found an ancient bone altar of Kikubaaqudgha.
  4242 | D:5      | Entered Level 5 of the Dungeon
  4265 | D:5      | Noticed a hippogriff
  5070 | D:5      | Killed a hippogriff
  5070 | D:5      | Reached skill level 9 in Summonings
  5070 | D:5      | Reached XP level 8. HP: 52/52 MP: 5/11
  5117 | D:5      | Found a staircase to the Ecumenical Temple.
  5526 | Temple   | Entered the Ecumenical Temple
  6920 | D:7      | Noticed Duvessa
  6935 | D:7      | Killed Duvessa
  6941 | D:7      | Noticed Dowan
  6956 | D:7      | Killed Dowan
  6956 | D:7      | Reached skill level 10 in Summonings
  7003 | D:6      | Noticed a rust devil
  7003 | D:6      | Noticed a rust devil
  7052 | D:7      | Reached XP level 9. HP: 57/57 MP: 11/15
  7110 | D:7      | Got a slimy falchion
  7113 | D:7      | Identified the +9 falchion of Bodily Humours {pain, +Fly rF+} (You found it on level 7 of the Dungeon)
  7418 | D:8      | Reached skill level 5 in Spellcasting
  7464 | D:8      | Noticed a hippogriff
  7632 | D:8      | Killed a hippogriff
  7659 | D:8      | Found a shimmering altar of Xom.
  7660 | D:8      | Found an opulent altar of Gozag.
  7660 | D:8      | Found a radiant altar of Vehumet.
  7662 | D:8      | Found a hazy altar of Hepliaklqana.
  7662 | D:8      | Found a shadowy altar of Dithmenos.
  7724 | D:8      | Became a worshipper of Hepliaklqana the Forgotten
  7838 | D:8      | Reached skill level 11 in Summonings
  7963 | D:8      | Found a shattered altar of Ashenzari.
  8058 | D:8      | Gained mutation: Your spells are a little easier to cast, but a little less powerful. [potion of mutation]
  8058 | D:8      | Gained mutation: Scrolls take you a little longer to read. [potion of mutation]
  8058 | D:8      | Gained mutation: You have a pair of small horns on your head. [potion of mutation]
  8058 | D:8      | Slain by a yak

Skill      XL: |  1  2  3  4  5  6  7  8  9 |
---------------+----------------------------+-----
Summonings     | 5 6 7 8 9 10 11 | 11.2
Spellcasting   | 4 6 |  6.3
Dodging        | |  2.0
Stealth        | |  2.0

Action                   |  1- 3 |  4- 6 |  7- 9 || total
-------------------------+-------+-------+-------++-------
Melee: Dagger            |    87 |    88 |   147 ||   322
       Unarmed           |       |    12 |       ||    12
       Falchion          |       |       |    72 ||    72
 Fire: Hand crossbow     |       |       |    31 ||    31
 Cast: Summon Small Mamm |    21 |       |       ||    21
       Call Canine Famil |     1 |    13 |    39 ||    53
Evoke: Wand              |       |       |     1 ||     1
  Use: Potion            |       |       |     1 ||     1
 Stab: Distracted        |     1 |       |     2 ||     3
       Sleeping          |     1 |     2 |     6 ||     9
  Eat: Ration            |     1 |     2 |     4 ||     7
       Chunk             |       |       |     4 ||     4
Armor: Robe              |    28 |    19 |    29 ||    76
       Skin              |       |     7 |       ||     7
       Troll leather arm |       |       |    61 ||    61
Dodge: Dodged            |    84 |    76 |   153 ||   313
       Rpst.: Falchion   |       |       |     7 ||     7
